 Dungeon Crawl Stone Soup version 0.21-a0-176-gb3d4b37 (webtiles) character file.

276 rin1221 the Gusty (level 6, -3/32 HPs)
             Began as a Deep Elf Air Elementalist on Aug 8, 2017.
             Slain by Blork the orc
             ... wielding a +0 halberd
              (11 damage)
             ... on level 5 of the Dungeon.
             The game lasted 00:10:47 (3063 turns).

rin1221 the Gusty (Deep Elf Air Elementalist)       Turns: 3063, Time: 00:10:48

Health: -3/32      AC:  3    Str:  7    XL:     6   Next: 4%
Magic:  4/13       EV: 14    Int: 20    God:
Gold:   209        SH:  0    Dex: 15    Spells: 1/12 levels left

rFire    . . .     SeeInvis .   s - +0 dagger
rCold    . . .     Gourm    .   (no shield)
rNeg     . . .     Faith    .   a - +0 robe
rPois    .         Spirit   .   (no helmet)
rElec    .         Reflect  .   (no cloak)
rCorr    .         Harm     .   (no gloves)
MR       .....                  i - +0 pair of boots
Stlth    ++........             (no amulet)
HPRegen  0.10/turn              (no ring)
MPRegen  0.13/turn              (no ring)

@: no status effects
A: no striking features
a: no special abilities


You were on level 5 of the Dungeon.
You were not hungry.

You visited 1 branch of the dungeon, and saw 5 of its levels.

You collected 209 gold pieces.

Inventory:

Hand Weapons
 s - a +0 dagger (weapon)
Missiles
 d - 86 stones (quivered)
 g - 14 poisoned needles
Armour
 a - a +0 robe (worn)
 i - a +0 pair of boots (worn)
 m - a +0 large shield
 t - a +0 leather armour of magic resistance
Jewellery
 q - an uncursed amulet of faith {unknown}
Wands
 v - a wand of polymorph (5/24)
Scrolls
 e - 3 scrolls of amnesia {unknown}
 f - 2 scrolls of identify {unknown}
 l - 2 scrolls of teleportation {unknown}
 n - 2 scrolls of remove curse {unknown}
 o - a scroll of enchant weapon {unknown}
 p - a scroll of recharging {unknown}
 w - a scroll of immolation {unknown}
 x - a scroll of enchant armour {unknown}
 y - a scroll of magic mapping {unknown}
 z - a scroll of fear {unknown}
 B - a scroll of blinking {unknown}
Potions
 h - 5 potions of curing
 r - a potion of might
 u - a potion of flight
Books
 b - a book of Air

   Spells                             Type                      Level
   a - Shock                          Conjuration/Air              1
   b - Swiftness                      Charms/Air                   2
   c - Static Discharge               Conjuration/Air              3
   d - Airstrike                      Air                          4
   e - Lightning Bolt                 Conjuration/Air              5
Comestibles
 c - 3 bread rations
 j - 5 royal jellies
 k - 4 fruits
 A - 4 chunks of flesh


   Skills:
 + Level 3.6 Dodging
 + Level 2.8 Stealth
 + Level 1.8 Shields
 - Level 3.5 Spellcasting
 * Level 3.5 Conjurations
 + Level 2.7 Charms
 + Level 3.7 Air Magic
 + Level 0.9 Evocations


You had one spell level left.
You knew the following spells:

 Your Spells              Type           Power        Failure   Level  Hunger
a - Shock                 Conj/Air       ###.         3%          1    None
b - Swiftness             Chrm/Air       ###.....     5%          2    ##.....
c - Static Discharge      Conj/Air       ###.....     9%          3    ###....
d - Lightning Bolt        Conj/Air       ###.......   63%         5    ######.


Dungeon Overview and Level Annotations

Branches:
Dungeon (4/15)
 Temple: D:4-7

Altars:
Ashenzari

Annotations:
D:5 Blork the orc


Message History

The puff of flame hits you!
* * * LOW HITPOINT WARNING * * *
Casting: Shock
Confirm with . or Enter, or press ? or * to list all spells.
Aiming: Shock
Press: ? - help, Shift-Dir - straight line, f/p - Blork the orc
Aim: Blork the orc, wielding a halberd and wearing a robe (moderately wounded, fast)
The zap hits Blork the orc.
Blork the orc is moderately wounded.
Blork the orc misses you.
Casting: Shock
Confirm with . or Enter, or press ? or * to list all spells.
Aiming: Shock
Press: ? - help, Shift-Dir - straight line, f/p - Blork the orc
Aim: Blork the orc, wielding a halberd and wearing a robe (moderately wounded, fast)
The zap hits Blork the orc.
Blork the orc is heavily wounded.
Blork the orc drinks a potion.
Blork the orc is healed!
Blork the orc hits you from afar with a halberd!
You die...

#########
#.......#
#.......#########
#.......o.@.....#
#.......#######...
##......#
........#
%.......#
.....)..#
........#
........#
(#......#


You could see Blork the orc.

Vanquished Creatures
  An ogre (D:4)
  Ijyb (D:3)
  An orc wizard (D:3)
  A worker ant (D:4)
  4 adders
  An adder skeleton (D:4)
  2 worms
  4 dart slugs
  5 leopard geckos
  2 orcs (D:3)
  3 giant cockroaches
  7 goblins
  3 hobgoblins
  5 jackals
  6 kobolds
  A ball python (D:2)
  9 bats
  2 frilled lizards
  5 rats
63 creatures vanquished.

Notes
Turn   | Place    | Note
-------+----------+-------------------------------------------
     0 | D:1      | rin1221 the Deep Elf Air Elementalist began the quest for the Orb.
     0 | D:1      | Reached XP level 1. HP: 10/10 MP: 6/6
   398 | D:1      | Reached XP level 2. HP: 15/15 MP: 4/8
   402 | D:1      | Learned a level 2 spell: Swiftness
   802 | D:2      | Reached skill level 1 in Charms
  1081 | D:2      | Reached XP level 3. HP: 18/19 MP: 3/9
  1095 | D:2      | Learned a level 3 spell: Static Discharge
  1779 | D:3      | Noticed Ijyb
  1858 | D:3      | Reached XP level 4. HP: 8/24 MP: 6/10
  2070 | D:3      | Killed Ijyb
  2070 | D:3      | Reached skill level 1 in Shields
  2135 | D:3      | Found a shattered altar of Ashenzari.
  2431 | D:3      | Reached XP level 5. HP: 5/28 MP: 3/12
  2690 | D:3      | Learned a level 5 spell: Lightning Bolt
  2994 | D:4      | Noticed an ogre
  3012 | D:4      | Killed an ogre
  3012 | D:4      | Reached XP level 6. HP: 29/32 MP: 3/13
  3045 | D:4      | You fall through a shaft!
  3045 | D:5      | Entered Level 5 of the Dungeon
  3047 | D:5      | Noticed Blork the orc
  3063 | D:5      | Slain by Blork the orc

Vault maps used:
D:1:      lemuel_arrival_hallway
D:3:      evilmike_ruin_ashenzari, uniq_ijyb
D:4:      portal_sewer_entry_f, uniq_sigmund
D:5:      first_bread, uniq_blork_the_orc

Skill      XL: |  1  2  3  4  5 |
---------------+----------------+-----
Dodging        | 3 |  3.6
Charms         | 1 2 |  2.7
Conjurations   | 2 3 |  3.5
Shields        | 1 |  1.8
Stealth        | |  2.8
Spellcasting   | |  3.5
Air Magic      | |  3.7
Evocations     | |  0.9

Action                   |  1- 3 |  4- 6 || total
-------------------------+-------+-------++-------
Melee: Unarmed           |       |     2 ||     2
 Cast: Shock             |    85 |    86 ||   171
  Use: Potion            |     2 |     1 ||     3
  Eat: Chunk             |     2 |     4 ||     6
Armor: Robe              |     7 |     1 ||     8
Dodge: Dodged            |    44 |    14 ||    58
